 Dungeon Crawl Stone Soup version 0.20-a0-993-gba41c3c (webtiles) character file.

254 Monsterracer the Ruffian (level 6, -4/44 HPs)
             Began as a Naga Fighter on Apr 11, 2017.
             Killed from afar by an orc wizard (8 damage)
             ... with a magic dart
             ... on level 3 of the Dungeon.
             The game lasted 00:12:53 (3771 turns).

Monsterracer the Ruffian (Naga Fighter)             Turns: 3771, Time: 00:12:54

Health: -4/44      AC:  5    Str: 18    XL:     6   Next: 14%
Magic:  6/6        EV:  7    Int: 10    God:
Gold:   62         SH:  8    Dex: 11    Spells: 5/5 levels left

rFire    . . .     SeeInvis +     - Unarmed
rCold    . . .     Gourm    .   b - +0 shield
rNeg     . . .     Faith    .   a - +0 scale mail
rPois    +         Spirit   .   (no helmet)
rElec    .         Reflect  .   (no cloak)
rCorr    .         Harm     .   (no gloves)
MR       +....                  (no barding)
Stlth    ..........             (no amulet)
Regen    0.2/turn               g - ring of loudness (curse)
MPRegen  0.1/turn               (no ring)

@: very slow
A: repulsion field 1, see invisible, deformed body, frail 2, magic resistance 1,
poison resistance, slowness 2, slow metabolism 1, spit poison 1, AC +2
a: Spit Poison


You were on level 3 of the Dungeon.
You were not hungry.

You visited 1 branch of the dungeon, and saw 3 of its levels.

You collected 62 gold pieces.

Inventory:

Armour
 a - a +0 scale mail (worn)
 b - a +0 shield (worn)
 n - a cursed +0 leather armour
Jewellery
 g - a cursed ring of loudness (left hand)
Scrolls
 e - 2 scrolls of identify
 f - a scroll of magic mapping
Potions
 i - a potion of brilliance
 m - 2 potions of curing
Comestibles
 d - 2 bread rations
 h - 2 meat rations


   Skills:
 - Level 3.0 Fighting
 - Level 2.4 Armour
 - Level 2.4 Shields
 + Level 6.2 Unarmed Combat


You had 5 spell levels left.
You didn't know any spells.

Dungeon Overview and Level Annotations

Branches:
Dungeon (3/15)

Altars:
Kikubaaqudgha
Makhleb
Okawaru
Wu Jian


Innate Abilities, Weirdness & Mutations

You cannot wear boots.
Your serpentine skin is tough. (AC +2)
You have supernaturally acute eyesight. (SInv)
Armour fits poorly on your strangely shaped body.
Your system is resistant to poisons. (rPois)
You cover ground very slowly.
You have a slow metabolism.
You can spit poison.
You are surrounded by a mild repulsion field. (EV +2)
You are very frail. (-20% HP)
You are resistant to hostile enchantments. (MR+)


Message History

The orc wizard closely misses you.
You punch the orc wizard!
The orc wizard is severely wounded.
You block the orc wizard's attack.
The orc wizard points at you and mumbles some strange words.
The magic dart hits you!
* * * LOW HITPOINT WARNING * * *
You miss the orc wizard.
The orc wizard is severely wounded.
The orc wizard hits you with a dagger.
* * * LOW HITPOINT WARNING * * *
You closely miss the orc wizard.
The orc wizard is severely wounded.
The orc wizard gestures wildly while chanting.
The orc wizard blinks!
An adder comes into view.
The adder hisses angrily.
The orc wizard casts a spell at you. The magic dart hits you!
You die...

#...........#.#......
#=.......†..#.#†##### #########
#....###....#.#.#(... ........#
#..†.# #....#.#....#, ........#
#....# #....#.#)####. ........#
#...o# ####.#.#.....^ ........#
####)# #.#.#...... ........# #)#
#.#........ ........#
#@######.....####. ........#
#......S.#.....#.. ..>.....#
########.#.#.#.#.. #....####
############.#.#.#.#.. #....#
#............#...#.#.#
#....#######.################..<.
#....'.....#.#...#,,,,,,.........
#....#####.#.#.#.#,,,,≈≈≈≈≈≈≈≈≈≈≈
##'### #.#.#.#.#,,,,≈≈≈≈≈≈≈≈≈≈≈


You could see an orc wizard and an adder.

Vanquished Creatures
  A bullfrog (D:3)
  An orc priest (D:3)
  An iguana (D:3)
  4 gnolls
  2 adders (D:3)
  2 dart slugs (D:2)
  A worm (D:2)
  7 orcs (D:3)
  2 ball pythons
  3 giant cockroaches
  8 hobgoblins
  5 jackals
  8 bats
  6 frilled lizards
  8 goblins
  6 kobolds
  9 rats
74 creatures vanquished.

Notes
Turn   | Place    | Note
-------+----------+-------------------------------------------
     0 | D:1      | Monsterracer the Naga Fighter began the quest for the Orb.
     0 | D:1      | Reached XP level 1. HP: 21/21 MP: 1/1
   438 | D:1      | Reached XP level 2. HP: 14/28 MP: 2/2
   727 | D:1      | Reached skill level 3 in Unarmed Combat
  1219 | D:1      | Reached XP level 3. HP: 33/34 MP: 3/3
  1237 | D:2      | Found an ancient bone altar of Kikubaaqudgha.
  1774 | D:2      | Gained mutation: You are frail. (-10% HP) [potion of mutation]
  1774 | D:2      | Gained mutation: You are resistant to hostile enchantments. (MR+) [potion of mutation]
  1774 | D:2      | Gained mutation: You are very frail. (-20% HP) [potion of mutation]
  1774 | D:2      | Gained mutation: You are surrounded by a mild repulsion field. (EV +2) [potion of mutation]
  2305 | D:2      | Reached skill level 4 in Unarmed Combat
  2559 | D:2      | Found a burning altar of Makhleb.
  2559 | D:2      | Found an ornate altar of the Wu Jian Council.
  2560 | D:2      | Found an iron altar of Okawaru.
  2757 | D:2      | Reached XP level 4. HP: 31/33 MP: 4/4
  3009 | D:3      | Noticed a bullfrog
  3019 | D:3      | Killed a bullfrog
  3019 | D:3      | Reached skill level 5 in Unarmed Combat
  3019 | D:3      | Reached XP level 5. HP: 39/39 MP: 5/5
  3717 | D:3      | Reached skill level 6 in Unarmed Combat
  3731 | D:3      | Reached XP level 6. HP: 13/44 MP: 6/6
  3771 | D:3      | Killed from afar by an orc wizard

Vault maps used:
D:1:      dpeg_arrival_pond, st_stairs_9
D:2:      kiku_gazebo_garden_becter, gammafunk_temple_overflow_claw,
          first_bread, roderic_lattice_a
D:3:      lemuel_castle_with_subvaults, chequers_ecumenical_altar_simple_redux

Skill      XL: |  1  2  3  4  5 |
---------------+----------------+-----
Unarmed Combat | 3 4 5 6 |  6.2
Fighting       | |  3.0
Armour         | |  2.4
Shields        | |  2.4

Action                   |  1- 3 |  4- 6 || total
-------------------------+-------+-------++-------
Melee: Unarmed           |   217 |   101 ||   318
  Use: Potion            |     4 |     3 ||     7
       Scroll            |       |     5 ||     5
 Stab: Invisible         |       |     1 ||     1
  Eat: Chunk             |     4 |     3 ||     7
Armor: Scale mail        |    91 |    28 ||   119
Dodge: Dodged            |    64 |    29 ||    93
Block: Shield            |   116 |    46 ||   162
